[Event "Titled Tuesday Blitz December 06 Late 2022"]
[White "Bas Mas, Jose Joaquin"]
[Black "Erzhanov, Arman"]
[WhiteFideId "22219064"]
[BlackFideId "4138821"]
[WhiteElo "2233"]
[BlackElo "2176"]
[Result "0-1"]
[Round "09"]
[TimeControl "180+1"]
[Date "2022.12.07"]
[WhiteClock "0:00:21"]
[BlackClock "0:00:45"]

1. e4 d6 2. Nc3 Nf6 3. d4 e5 4. dxe5 dxe5 5. Qxd8+ Kxd8 6. Bg5 Be6 7. O-O-O+ Nd7 8. Nge2 Kc8 9. f4 Ng4 10. Bh4 Ne3 11. Rd3 Bc5 12. b3 exf4 13. Nxf4 Ne5 14. Nxe6 Nxd3+ 15. Bxd3 fxe6 16. Bf2 Ba3+ 17. Kd2 Ng4 18. Bd4 e5 19. Bg1 Rf8 20. Ke2 c6 21. Bc4 Kc7 22. h3 Nf6 23. Bh2 Bd6 24. g4 Rad8 25. a4 a5 26. Be6 Nd7 27. Rd1 Rf6 28. Bf5 g6 29. g5 Rff8 30. Bg4 Nc5 31. Ke3 Rde8 32. Nb1 Ne6 33. Bxe6 Rxe6 34. Nd2 Bc5+ 35. Kd3 Rf2 36. Bg3 Rg2 37. Be1 Rd6+ 38. Kc4 Rd4+ 39. Kc3 Bb4+ 0-1


[Site "https://www.chess.com"]

[Event "Titled Tuesday Blitz December 06 Late 2022"]
[White "Battlecruiser_Operational"]
[Black "Jaskolka, Tomasz"]
[BlackFideId "1170791"]
[WhiteElo "2289"]
[BlackElo "2126"]
[Result "0-1"]
[Round "09"]
[TimeControl "180+1"]
[Date "2022.12.07"]
[WhiteClock "0:00:08"]
[BlackClock "0:00:10"]

1. d4 e6 2. c4 f5 3. g3 Nf6 4. Bg2 Be7 5. Nh3 O-O 6. Nc3 d6 7. Nf4 c6 8. Nd3 Nbd7 9. O-O e5 10. dxe5 dxe5 11. e4 fxe4 12. Nxe4 Nxe4 13. Bxe4 Nf6 14. Bg2 Bg4 15. Qc2 Qc7 16. Be3 Rad8 17. Rfe1 Qd6 18. Bc5 Qxd3 19. Qxd3 Rxd3 20. Bxe7 Re8 21. Rxe5 Nd7 22. Ree1 Rd2 23. Ba3 Rxe1+ 24. Rxe1 Be2 25. Bf1 Bf3 26. h3 c5 27. Bg2 Bxg2 28. Kxg2 Kf7 29. Kf3 b6 30. Re2 Rd3+ 31. Kg2 Nb8 32. b3 Nc6 33. Bb2 a5 34. f4 Nb4 35. Be5 g6 36. Bc7 Nc6 37. Bxb6 Nd4 38. Rf2 Nf5 39. g4 Nh4+ 40. Kf1 Rxh3 41. Bxa5 Rg3 42. g5 Nf5 43. Bb6 Rc3 44. Bxc5 Rc1+ 45. Kg2 Ke6 46. Kh2 Nh4 47. b4 Kf5 48. b5 Rxc4 49. Ba3 Rc3 50. Re2 Kg4 51. Bb2 Rh3+ 52. Kg1 Nf3+ 53. Kf2 Kxf4 54. Re3 Rh2+ 55. Kf1 Kxe3 56. Bc1+ Kd3 57. b6 Rh1+ 58. Kf2 Rxc1 59. Kxf3 Ra1 60. Kf4 Rb1 61. Ke5 Rxb6 62. a4 Ra6 63. a5 Rxa5+ 64. Kf6 Rf5+ 65. Kg7 Rxg5 66. Kxh7 Rg1 0-1


[Site "https://www.chess.com"]

[Event "Titled Tuesday Blitz December 06 Late 2022"]
[White "Bazeev, German"]
[Black "Sadhwani, Raunak"]
[WhiteFideId "24119350"]
[BlackFideId "35093487"]
[WhiteElo "2501"]
[BlackElo "2657"]
[Result "1/2-1/2"]
[Round "09"]
[TimeControl "180+1"]
[Date "2022.12.06"]
[WhiteClock "0:00:07"]
[BlackClock "0:00:16"]

1. d4 Nf6 2. Nf3 g6 3. c4 Bg7 4. Nc3 O-O 5. Bg5 d6 6. e3 Nbd7 7. Be2 e5 8. O-O Re8 9. Qc2 c6 10. Rad1 Qc7 11. Bh4 a5 12. b3 h6 13. h3 Nf8 14. Bg3 N6h7 15. c5 dxc5 16. dxe5 Be6 17. Ne4 b6 18. Nd6 Red8 19. h4 h5 20. Ng5 Nxg5 21. hxg5 h4 22. Bh2 h3 23. g4 a4 24. f4 axb3 25. axb3 Ra3 26. Bc4 Rda8 27. f5 Ra2 28. fxe6 Rxc2 29. Rxf7 Rg2+ 30. Kh1 Rxh2+ 31. Kxh2 Bxe5+ 32. Kh1 Qxd6 33. Rxd6 Bxd6 34. e7 Kh8 35. Rxf8+ Rxf8 36. exf8=Q+ Bxf8 37. Kh2 Be7 38. Kxh3 Bxg5 39. e4 Kg7 40. Be6 b5 41. Bd7 c4 42. bxc4 bxc4 43. Bxc6 Kf6 44. e5+ Kxe5 45. Be8 Kf6 46. Bc6 Bf4 47. Kg2 Ke5 48. Kf3 g5 49. Ke2 Bc1 50. Kd1 Ba3 51. Bd7 Bb4 52. Bf5 Kd4 53. Kc2 Bd6 54. Kc1 Bf4+ 55. Kc2 c3 1/2-1/2


[Site "https://www.chess.com"]

[Event "Titled Tuesday Blitz December 06 Late 2022"]
[White "Bongo Akanga Ndjila, Barthelemy"]
[Black "Polster, Christian"]
[WhiteFideId "10609431"]
[BlackFideId "12965081"]
[WhiteElo "1768"]
[BlackElo "2195"]
[Result "0-1"]
[Round "09"]
[TimeControl "180+1"]
[Date "2022.12.07"]
[WhiteClock "0:01:02"]
[BlackClock "0:00:39"]

1. d4 Nf6 2. c4 c5 3. d5 b5 4. cxb5 a6 5. bxa6 g6 6. Nc3 Bg7 7. Nf3 O-O 8. a4 Qa5 9. Bd2 Bxa6 10. Nb5 Qb6 11. Bc3 Bxb5 12. axb5 Rxa1 13. Qxa1 Qxb5 14. e4 Qb7 15. Nd2 d6 16. f3 Nbd7 17. Be2 Ra8 18. Qc1 Nb6 19. O-O Na4 20. Nc4 Nxc3 21. bxc3 Ra2 22. Bd3 Qb3 23. Rf2 Rxf2 24. Kxf2 Nd7 25. f4 Bxc3 26. e5 Bd4+ 27. Kf3 Qxd3+ 28. Kg4 Qe2+ 29. Kh3 Bf2 30. exd6 Qh5# 0-1


[Site "https://www.chess.com"]

[Event "Titled Tuesday Blitz December 06 Late 2022"]
[White "Bryant, Todd"]
[Black "Kim, Sergey"]
[WhiteFideId "2031299"]
[BlackFideId "13700570"]
[WhiteElo "2327"]
[BlackElo "2571"]
[Result "0-1"]
[Round "09"]
[TimeControl "180+1"]
[Date "2022.12.07"]
[WhiteClock "0:00:06"]
[BlackClock "0:01:10"]

1. e4 e5 2. f4 Bc5 3. Nf3 d6 4. Nc3 Nc6 5. Bc4 Nf6 6. d3 Bg4 7. h3 Bxf3 8. Qxf3 Nd4 9. Qg3 O-O 10. Bb3 Nh5 11. Qg4 Nxf4 12. Bxf4 exf4 13. Qxf4 c6 14. Rf1 Qe7 15. Ne2 a5 16. Nxd4 Bxd4 17. c3 Be5 18. Qf2 a4 19. Bd1 a3 20. d4 axb2 21. Rb1 Bf6 22. Bf3 Rxa2 23. Rxb2 Bh4 24. g3 Bxg3 25. Qxg3 Rxb2 26. Rg1 g6 27. h4 Rb1+ 28. Kd2 Rxg1 29. Qxg1 Qxh4 30. Qe3 Ra8 31. Kd3 Qh3 32. e5 d5 33. Kc2 Qh2+ 34. Be2 Ra2+ 35. Kd3 Qg2 36. e6 Qe4+ 37. Qxe4 dxe4+ 38. Ke3 fxe6 39. Bc4 Rc2 40. Bxe6+ Kg7 41. c4 Kf6 42. Bg8 h5 43. Kxe4 h4 44. d5 c5 45. d6 Rd2 46. Bd5 h3 47. Kf4 h2 48. Bxb7 Rxd6 49. Kg3 Rd4 50. Kxh2 Rxc4 51. Kg3 Rd4 52. Kf3 c4 53. Ke3 Rd6 54. Ke4 c3 0-1


[Site "https://www.chess.com"]

[Event "Titled Tuesday Blitz December 06 Late 2022"]
[White "Burke, Paul"]
[Black "monkins"]
[WhiteFideId "2605767"]
[WhiteElo "1887"]
[BlackElo "2231"]
[Result "0-1"]
[Round "09"]
[TimeControl "180+1"]
[Date "2022.12.07"]
[WhiteClock "0:00:06"]
[BlackClock "0:00:06"]

1. e4 c6 2. d4 d5 3. exd5 cxd5 4. c4 Nf6 5. Nc3 g6 6. Nf3 Bg7 7. Be2 dxc4 8. Bxc4 O-O 9. O-O a6 10. a3 b5 11. Be2 Bb7 12. h3 Nc6 13. Be3 Rc8 14. Rc1 Na5 15. b4 Nc4 16. Bxc4 Rxc4 17. Nd2 Rc8 18. Nf3 Nd5 19. Nxd5 Qxd5 20. Qd2 Qh5 21. Nh2 Rfd8 22. Rc5 Rxc5 23. bxc5 Qd5 24. Nf3 e5 25. dxe5 Qxd2 26. Nxd2 Bxe5 27. Nf3 Bb2 28. Bc1 Bc3 29. Be3 Bxf3 30. gxf3 a5 31. c6 Rc8 32. c7 Rxc7 33. Bb6 Rb7 34. Rc1 Rxb6 35. Rxc3 b4 36. axb4 axb4 37. Rb3 f5 38. Kf1 Kf7 39. Ke2 Ke6 40. Kd3 Ke5 41. Ke3 f4+ 42. Kd3 Kf5 43. Kd4 Rd6+ 44. Kc5 Rd2 45. Rxb4 Rxf2 46. Rb7 h5 47. Rf7+ Kg5 48. h4+ Kxh4 49. Rxf4+ Kg5 50. Rf8 h4 51. Kd4 h3 52. Ke3 Ra2 53. f4+ Kg4 54. Rg8 Kf5 55. Rh8 h2 56. Rf8+ Kg4 57. Rh8 Kg3 0-1


[Site "https://www.chess.com"]

[Event "Titled Tuesday Blitz December 06 Late 2022"]
[White "Calcada, Lucas Galvan"]
[Black "Renjith, Sravan"]
[WhiteFideId "22746099"]
[BlackFideId "4306783"]
[WhiteElo "1523"]
[BlackElo "2072"]
[Result "1-0"]
[Round "09"]
[TimeControl "180+1"]
[Date "2022.12.07"]
[WhiteClock "0:00:58"]
[BlackClock "0:01:29"]

1. e4 e5 2. Nf3 Nc6 3. Bb5 Nf6 4. O-O Nxe4 5. d4 Nd6 6. Bxc6 dxc6 7. dxe5 Nf5 8. Qxd8+ Kxd8 9. Rd1+ Ke8 10. Nc3 Be7 11. Bf4 h6 12. g4 Nh4 13. Nxh4 Bxh4 14. h3 h5 15. f3 hxg4 16. hxg4 Be7 17. Bg3 Be6 18. Ne4 Rd8 19. Kg2 Bd5 20. Nf2 f6 21. b3 fxe5 22. c4 Be6 23. Bxe5 Kf7 24. Ne4 Rc8 25. Rd2 Rhe8 26. Rad1 Bd8 27. Kg3 Bxg4 28. Kxg4 Rxe5 29. Rxd8 Rxd8 30. Rxd8 Ra5 31. a4 Ke7 32. Rg8 Kf7 33. Rc8 Re5 34. Rxc7+ Kg6 35. Rxb7 a5 36. Rc7 Re6 37. Kf4 Kh6 38. Ra7 g5+ 39. Kg4 Re5 40. Rc7 Re6 41. Nxg5 Rf6 42. Ne4 Re6 43. Ra7 c5 44. Rxa5 Rg6+ 45. Kf4 Rb6 46. Rb5 Rc6 47. Rxc5 Rb6 48. Rb5 Ra6 49. a5 Ra7 50. Rb6+ Kg7 51. a6 Rf7+ 52. Ke3 Kh7 53. Ng5+ Kg7 54. Nxf7 Kxf7 55. a7 Ke7 56. a8=Q Kd7 57. Qa7+ 1-0


[Site "https://www.chess.com"]

[Event "Titled Tuesday Blitz December 06 Late 2022"]
[White "Clawitter, Craig"]
[Black "Hernandez Jimenez, Alexander Andres"]
[WhiteFideId "2023105"]
[BlackFideId "3900452"]
[WhiteElo "2197"]
[BlackElo "2098"]
[Result "1/2-1/2"]
[Round "09"]
[TimeControl "180+1"]
[Date "2022.12.07"]
[WhiteClock "0:00:06"]
[BlackClock "0:00:11"]

1. e4 c5 2. Nf3 d6 3. d4 cxd4 4. Nxd4 Nf6 5. Nc3 a6 6. Be3 e5 7. Nb3 Be6 8. f3 Nbd7 9. Qd2 h5 10. Be2 Rc8 11. Nd5 Nxd5 12. exd5 Bf5 13. c4 Be7 14. Na5 Qc7 15. b4 h4 16. h3 Bg6 17. O-O f5 18. f4 e4 19. Nb3 Bh5 20. Bxh5+ Rxh5 21. Rac1 Bf6 22. Nd4 Nf8 23. c5 Qf7 24. cxd6 Rxc1 25. Qxc1 Qxd5 26. Qc8+ Kf7 27. Rc1 Bxd4 28. Rc7+ Kg6 29. Bxd4 Qxd4+ 30. Kh1 Qxd6 31. Qxb7 Ne6 32. Rc6 Qd5 33. Qc8 Kf6 34. Qf8+ Kg6 35. Qe8+ Kf6 36. Qf8+ Kg6 37. Qe8+ Kf6 38. Qf8+ 1/2-1/2


[Site "https://www.chess.com"]

[Event "Titled Tuesday Blitz December 06 Late 2022"]
[White "Curtis, John"]
[Black "Ansh M Shah"]
[WhiteFideId "3200256"]
[BlackFideId "25033379"]
[WhiteElo "2203"]
[BlackElo "2084"]
[Result "0-1"]
[Round "09"]
[TimeControl "180+1"]
[Date "2022.12.07"]
[WhiteClock "0:00:06"]
[BlackClock "0:00:14"]

1. e4 c6 2. d4 d5 3. exd5 cxd5 4. c4 Nf6 5. Nc3 Nc6 6. Nf3 g6 7. c5 Bg7 8. Bb5 O-O 9. O-O Ne4 10. h3 Nxc3 11. bxc3 Bd7 12. Bxc6 Bxc6 13. Re1 Re8 14. Bf4 b6 15. Ne5 Bd7 16. c6 Be6 17. Qd2 Rc8 18. a4 Bxe5 19. Bxe5 Rxc6 20. Qh6 f6 21. Bf4 Bf7 22. Bd2 Qd6 23. h4 Rc4 24. Re3 Kh8 25. g4 Qd7 26. Qf4 Rxa4 27. Rae1 Rc4 28. g5 Qc7 29. Qxc7 Rxc7 30. gxf6 e6 0-1


[Site "https://www.chess.com"]

[Event "Titled Tuesday Blitz December 06 Late 2022"]
[White "Drozdowski, Kacper"]
[Black "Domingo Nunez, Ruben"]
[WhiteFideId "1136720"]
[BlackFideId "22245570"]
[WhiteElo "2486"]
[BlackElo "2406"]
[Result "1-0"]
[Round "09"]
[TimeControl "180+1"]
[Date "2022.12.06"]
[WhiteClock "0:00:12"]
[BlackClock "0:00:42"]

1. e4 c6 2. d4 g6 3. Nc3 Bg7 4. f4 d5 5. e5 Nh6 6. Nf3 f6 7. Bd3 O-O 8. O-O Bg4 9. Be3 fxe5 10. fxe5 Nf5 11. Qd2 Nxe3 12. Qxe3 e6 13. Ne2 Nd7 14. c3 Qe7 15. h3 Bf5 16. Bxf5 Rxf5 17. g4 Rf7 18. Nd2 Rxf1+ 19. Rxf1 Qh4 20. Kg2 Rf8 21. Rxf8+ Nxf8 22. Nf3 Qd8 23. Qd3 Bh6 24. h4 Bg7 25. Nf4 Qe7 26. Kg3 Bh6 27. g5 Bg7 28. h5 gxh5 29. Nxh5 Qf7 30. Nf6+ Bxf6 31. gxf6 Qh5 32. Qe3 Ng6 33. Qg5 Qh1 34. Qg4 Kf7 35. Ng5+ Kf8 36. Nxe6+ Kg8 37. f7+ Kxf7 38. Ng5+ Ke8 39. Qc8+ Ke7 40. Qxb7+ Kd8 41. Nf7+ Ke8 42. Nd6+ Kd8 43. Qc8+ Ke7 44. Qc7+ Kf8 45. Qf7# 1-0


[Site "https://www.chess.com"]

[Event "Titled Tuesday Blitz December 06 Late 2022"]
[White "Dzierzak, Radoslaw"]
[Black "Ambartsumova, Karina"]
[WhiteFideId "1161407"]
[BlackFideId "4166299"]
[WhiteElo "2111"]
[BlackElo "2319"]
[Result "0-1"]
[Round "09"]
[TimeControl "180+1"]
[Date "2022.12.07"]
[WhiteClock "0:00:03"]
[BlackClock "0:00:09"]

1. e4 e5 2. Nf3 Nc6 3. Bc4 Nf6 4. d3 h6 5. O-O g5 6. d4 Nxe4 7. dxe5 Nc5 8. Nc3 Bg7 9. Re1 Ne6 10. Nd5 d6 11. exd6 Qxd6 12. c3 Bd7 13. a4 O-O-O 14. a5 Ne5 15. Nxe5 Bxe5 16. a6 b6 17. Qf3 c6 18. Ne7+ Kc7 19. Nf5 Qc5 20. Bf1 Nf4 21. Be3 Qd5 22. Qxd5 Nxd5 23. Bxb6+ axb6 24. Rxe5 f6 25. Rxd5 cxd5 26. Nd4 Rhe8 27. f3 f5 28. Kf2 f4 29. b4 Kd6 30. a7 Ra8 31. Ra6 Kc7 32. b5 Kb7 33. c4 Rxa7 34. Rxa7+ Kxa7 35. cxd5 Re5 36. Nc6+ Bxc6 37. dxc6 Kb8 38. g3 Kc7 39. h4 Rc5 40. hxg5 hxg5 41. gxf4 gxf4 42. Bd3 Kd6 43. Ke2 Ke5 44. Kd2 Kd4 45. Be2 Rc3 46. Bf1 Ra3 47. Be2 Ra2+ 48. Ke1 Ke3 49. Bd1 Ra1 50. c7 Rc1 51. c8=Q Rxc8 52. Kf1 Rc1 53. Ke1 Kd3 0-1


[Site "https://www.chess.com"]

[Event "Titled Tuesday Blitz December 06 Late 2022"]
[White "Erdogmus, Yagiz Kaan"]
[Black "Tanenbaum, Zachary"]
[WhiteFideId "44599790"]
[BlackFideId "2060850"]
[WhiteElo "2353"]
[BlackElo "2175"]
[Result "1-0"]
[Round "09"]
[TimeControl "180+1"]
[Date "2022.12.06"]
[WhiteClock "0:00:04"]
[BlackClock "0:00:01"]

1. d4 d5 2. c4 dxc4 3. Nf3 Nf6 4. Nc3 a6 5. e4 b5 6. e5 Nd5 7. a4 e6 8. axb5 Bb4 9. Qc2 Nb6 10. Qe4 Qd5 11. Qg4 axb5 12. Rxa8 Qxa8 13. Qxg7 Bxc3+ 14. bxc3 Qa1 15. Kd1 Qa4+ 16. Kd2 Qa2+ 17. Ke1 Qa1 18. Qxh8+ Kd7 19. Kd2 Qa2+ 20. Kd1 Qa4+ 21. Ke2 Qc2+ 22. Bd2 Nd5 23. Ng5 Nxc3+ 24. Kf3 Qxd2 25. Nxf7 Bb7+ 26. Kg4 Qxd4+ 27. f4 Qd1+ 28. Kg5 Ne4+ 29. Kh6 Qg4 30. Qd8+ Kc6 31. Kxh7 Nd7 32. Qe7 Nec5 33. Nd8+ Kb6 34. Nxb7 Kxb7 35. Qg5 Qd1 36. g3 Qd5 37. Rg1 Ne4 38. Bg2 c3 39. Qe7 Ndc5 40. Rc1 Qd4 41. Kg7 c2 42. Bxe4+ Qxe4 43. Qxc5 Qe2 44. Qxc2 Qg4+ 45. Qg6 Qe2 46. Qf7 Kb6 47. Qxc7+ Ka6 48. Ra1+ Qa2 49. Rxa2# 1-0


[Site "https://www.chess.com"]

[Event "Titled Tuesday Blitz December 06 Late 2022"]
[White "Espinosa, Pedro"]
[Black "Hoffmann, Asa"]
[WhiteFideId "30921066"]
[BlackFideId "2001470"]
[WhiteElo "2016"]
[BlackElo "2117"]
[Result "1-0"]
[Round "09"]
[TimeControl "180+1"]
[Date "2022.12.07"]
[WhiteClock "0:00:07"]
[BlackClock "0:00:36"]

1. d4 Nf6 2. Nc3 d6 3. e4 c6 4. Nf3 Bg4 5. Be2 e6 6. O-O d5 7. exd5 cxd5 8. h3 Bh5 9. Bf4 Nc6 10. Nb5 Rc8 11. c4 a6 12. Nc3 Bxf3 13. Bxf3 dxc4 14. d5 exd5 15. Bxd5 Be7 16. Bxc4 O-O 17. Nd5 Nxd5 18. Qxd5 Qxd5 19. Bxd5 Bf6 20. Rad1 Bxb2 21. Rb1 Be5 22. Bxe5 Nxe5 23. Bxb7 Rc2 24. a4 a5 25. Rb5 Nc4 26. Bd5 Rd8 27. Bxc4 Rxc4 28. Rxa5 g6 29. Ra1 Rd2 30. Rg5 Rcc2 31. f3 h6 32. Rg4 Kg7 33. a5 f5 34. Rg3 Ra2 35. Rb1 g5 36. f4 Kg6 37. Rb6+ Kh5 38. fxg5 hxg5 39. Rb5 Kh4 40. Kh2 Rd1 41. Rxf5 Raa1 42. Rg4+ Kh5 43. Rfxg5+ Kh6 44. Rg6+ Kh7 45. Kg3 Rxa5 46. R6g5 Rxg5 47. Rxg5 Rd4 48. Ra5 Kg6 49. h4 Rd3+ 50. Kh2 Rd2 51. Kh3 Rd4 52. g3 Rc4 53. Ra6+ Kh5 54. g4+ Rxg4 55. Ra5+ Kh6 56. Kxg4 Kg6 57. h5+ Kh6 58. Ra6+ 1-0


[Site "https://www.chess.com"]

[Event "Titled Tuesday Blitz December 06 Late 2022"]
[White "Estrada Nieto, Julian"]
[Black "Radovanovic, Dusan"]
[WhiteFideId "5101018"]
[BlackFideId "926868"]
[WhiteElo "2195"]
[BlackElo "2337"]
[Result "1-0"]
[Round "09"]
[TimeControl "180+1"]
[Date "2022.12.07"]
[WhiteClock "0:00:05"]
[BlackClock "0:00:15"]

1. e4 c5 2. Nf3 d6 3. Bb5+ Nd7 4. d4 cxd4 5. Qxd4 a6 6. Bxd7+ Bxd7 7. Nc3 e5 8. Qd3 b5 9. Nd5 h6 10. Be3 Rb8 11. O-O Nf6 12. Nxf6+ Qxf6 13. Nd2 Qd8 14. f4 Be7 15. Nf3 Qc7 16. Rad1 O-O 17. fxe5 Qb7 18. exd6 Bf6 19. e5 Bd8 20. Nd4 Bb6 21. c3 Rbe8 22. Bf4 Qd5 23. Qg3 Re6 24. Kh1 Rg6 25. Qf3 Qxa2 26. Qb7 Bxd4 27. Qxd7 Qxb2 28. Qh3 Bb6 29. Rd2 Qb3 30. Rfd1 a5 31. Qf3 a4 32. Be3 Ba5 33. Bd4 a3 34. Qe2 Re6 35. Bf2 f6 36. Bg3 fxe5 37. Bxe5 Rfe8 38. Rd5 Rd8 39. Qg4 Ree8 40. Qxg7# 1-0


[Site "https://www.chess.com"]

[Event "Titled Tuesday Blitz December 06 Late 2022"]
[White "Ezat, Mohamed"]
[Black "Alex_Sahakyan2006"]
[WhiteFideId "10600906"]
[WhiteElo "2388"]
[BlackElo "2648"]
[Result "0-1"]
[Round "09"]
[TimeControl "180+1"]
[Date "2022.12.07"]
[WhiteClock "0:00:17"]
[BlackClock "0:00:32"]

1. d4 g6 2. c4 c5 3. d5 b5 4. e4 Bg7 5. cxb5 a6 6. Nc3 Qa5 7. Bd2 axb5 8. Nxb5 Qb6 9. d6 Na6 10. Bc3 Bxc3+ 11. bxc3 e6 12. Nf3 Nf6 13. e5 Ne4 14. Bd3 Nxf2 15. Kxf2 c4+ 16. Kg3 cxd3 17. Qxd3 Nc5 18. Qc4 Ba6 19. a4 Qc6 20. Rhe1 O-O 21. Qh4 f6 22. Nbd4 Qd5 23. h3 Nd3 24. exf6 Qxd6+ 25. Ne5 Nxe5 26. Qf4 Nf7 27. Qxd6 Nxd6 28. Nf3 Rxf6 29. Ne5 Nf5+ 30. Kh2 d6 31. Ng4 Rff8 32. Rxe6 h5 33. Nf6+ Kg7 34. Nd7 Rfe8 35. Rae1 Rxe6 36. Rxe6 Bc4 37. Re4 Bd5 38. Rb4 Bc6 39. Nb6 Ra6 40. Nc4 Rxa4 41. Rxa4 Bxa4 42. Nd2 Bc6 43. g4 hxg4 44. hxg4 Ne3 45. Kg3 Nd5 46. Ne4 Nf6 47. Nxd6 Ne4+ 48. Nxe4 Bxe4 49. Kf4 Ba8 50. Kg5 Kf7 51. c4 Bc6 52. c5 Kg7 53. Kf4 Kf6 54. g5+ Ke6 55. Kg3 Kf5 56. Kh4 Kf4 57. Kh3 Kxg5 58. Kg3 Kf5 59. Kf2 Ke5 60. Ke3 Kd5 61. Kf4 Kxc5 62. Kg5 Be4 63. Kf4 Bf5 64. Ke5 Kc4 65. Kf6 Kd4 66. Kg5 Ke4 67. Kh4 Kd5 68. Kg5 Ke6 69. Kf4 Kf6 70. Kg3 g5 71. Kf3 g4+ 72. Kg3 Kg6 73. Kf4 Kf6 74. Kg3 Kg5 75. Kg2 Kf4 76. Kh2 Be4 77. Kg1 Kg3 78. Kf1 Kh2 79. Ke2 g3 80. Ke3 Bh1 81. Kf4 g2 82. Kg5 g1=Q+ 83. Kh6 Qg4 84. Kh7 Qg5 85. Kh8 Kh3 86. Kh7 Kh4 87. Kh8 Kg4 88. Kh7 Kf5 89. Kh8 Kf6 90. Kh7 Qg7# 0-1


[Site "https://www.chess.com"]

[Event "Titled Tuesday Blitz December 06 Late 2022"]
[White "Ferriz Barrios, Andres"]
[Black "Haszon, David"]
[WhiteFideId "5104467"]
[BlackFideId "733610"]
[WhiteElo "2258"]
[BlackElo "2210"]
[Result "1/2-1/2"]
[Round "09"]
[TimeControl "180+1"]
[Date "2022.12.07"]
[WhiteClock "0:01:47"]
[BlackClock "0:00:42"]

1. d4 Nf6 2. Nf3 g6 3. Nc3 d5 4. Bf4 Bg7 5. Qd2 O-O 6. Ne5 e6 7. f3 Nc6 8. h4 Nxe5 9. Bxe5 Nh5 10. Bxg7 Kxg7 11. O-O-O Ng3 12. Rh3 Nxf1 13. Rxf1 e5 14. Rh2 Qd6 15. Rfh1 h6 16. dxe5 Qxe5 17. Qxd5 Qxd5 18. Nxd5 c6 19. Nc3 Be6 20. g4 Rae8 21. h5 g5 22. e4 Kf6 23. Rd2 Rd8 24. Rhd1 Rxd2 25. Rxd2 Ke5 26. b3 Kf4 27. Rd3 Re8 28. Ne2+ Ke5 29. Rc3 Bd7 30. Rc5+ Kd6 31. Rc3 b6 32. Rd3+ Kc7 33. c4 c5 34. Nc3 Bc6 35. Kd2 a5 36. Ke3 Ra8 37. a4 Re8 38. Rd2 Re6 39. f4 f6 40. f5 Re7 41. Kf3 Re8 42. Ke3 Re7 43. Kf3 Re8 1/2-1/2


[Site "https://www.chess.com"]

[Event "Titled Tuesday Blitz December 06 Late 2022"]
[White "Figorito, Nick"]
[Black "Cuevas Araya, Walter"]
[WhiteFideId "30923689"]
[BlackFideId "3405028"]
[WhiteElo "2390"]
[BlackElo "1957"]
[Result "0-1"]
[Round "09"]
[TimeControl "180+1"]
[Date "2022.12.07"]
[WhiteClock "0:00:22"]
[BlackClock "0:00:14"]

1. Nf3 Nf6 2. g3 g6 3. Bg2 Bg7 4. O-O O-O 5. c4 c5 6. d4 cxd4 7. Nxd4 Nc6 8. Nc2 d6 9. Nc3 Bd7 10. b3 Rc8 11. Bb2 a6 12. Ne3 Re8 13. Qd2 Qc7 14. Ncd5 Nxd5 15. Nxd5 Qd8 16. Bxg7 Kxg7 17. h4 h5 18. Rfd1 Be6 19. Nf4 Qa5 20. Nxe6+ fxe6 21. Bxc6 Qxd2 22. Rxd2 Rxc6 23. a4 Rec8 24. Kg2 Kf6 25. Kf3 Rc5 26. e4 R8c6 27. Ke3 Rb6 28. Rd3 Rb4 29. a5 b5 30. axb6 Rxb6 31. Ra3 a5 32. f4 Rb8 33. Rd1 e5 34. Rda1 Ke6 35. Rf1 a4 36. f5+ gxf5 37. exf5+ Kf6 38. bxa4 Rxc4 39. a5 Rbc8 40. Rfa1 Rc3+ 41. Rxc3 Rxc3+ 42. Ke4 Rxg3 43. a6 Rg8 44. a7 Ra8 45. Ra6 Kf7 46. Kd5 Kf6 47. Ke4 Kf7 48. Ra1 e6 49. Ra6 exf5+ 50. Kxf5 Ke7 51. Ra5 Kd7 52. Ke4 Kc6 53. Ra6+ Kc5 54. Ra5+ Kb6 55. Rd5 Kc6 56. Ra5 Kb6 57. Rd5 Kc6 58. Ra5 Kc7 59. Ra6 Kd7 60. Kd5 Ke7 61. Rxd6 Rxa7 62. Re6+ Kf7 63. Rxe5 Ra4 64. Rxh5 Ra5+ 65. Kd6 Rxh5 66. Kd7 Rxh4 67. Kd8 Rd4+ 68. Kc7 Ke6 69. Kc6 Rd5 70. Kb6 Kd6 71. Kb7 Rc5 72. Kb6 Kd5 73. Ka6 Kc6 74. Ka7 Rb5 75. Ka6 Rb1 76. Ka5 Kc7 77. Ka4 Rb2 78. Ka3 Rb8 79. Ka4 Kc6 80. Ka3 Rb7 81. Ka2 Kc5 82. Ka1 Kc4 83. Ka2 Rb8 84. Ka1 Kc3 85. Ka2 Rb6 86. Ka1 Kc2 87. Ka2 Ra6# 0-1


[Site "https://www.chess.com"]

[Event "Titled Tuesday Blitz December 06 Late 2022"]
[White "Gatterer, Florian"]
[Black "Ismayil, Malak"]
[WhiteFideId "811688"]
[BlackFideId "13412604"]
[WhiteElo "2218"]
[BlackElo "1880"]
[Result "1-0"]
[Round "09"]
[TimeControl "180+1"]
[Date "2022.12.07"]
[WhiteClock "0:01:07"]
[BlackClock "0:01:15"]

1. f4 d5 2. Nf3 Nc6 3. g3 Bg4 4. Bg2 e6 5. O-O Nf6 6. Ne5 Nxe5 7. fxe5 Nd7 8. d4 c5 9. c3 Qb6 10. Kh1 Bh5 11. a4 a5 12. Na3 cxd4 13. c4 Bxa3 14. bxa3 dxc4 15. Rb1 Qc5 16. Rxb7 Rd8 17. Bg5 O-O 18. Bxd8 Rxd8 19. Qd2 Nxe5 20. Qg5 Rf8 21. Qxh5 c3 22. Rb5 Qc4 23. Qxe5 c2 24. Rc5 Qxa4 25. Be4 Qxa3 26. Qxd4 1-0


[Site "https://www.chess.com"]

[Event "Titled Tuesday Blitz December 06 Late 2022"]
[White "Gerbelli Neto, Eduardo"]
[Black "Antonio, Jorge Carlos"]
[WhiteFideId "2103281"]
[BlackFideId "113190"]
[WhiteElo "2178"]
[BlackElo "2247"]
[Result "1-0"]
[Round "09"]
[TimeControl "180+1"]
[Date "2022.12.07"]
[WhiteClock "0:01:30"]
[BlackClock "0:02:11"]

1. e4 e5 2. Nf3 Nc6 3. d4 exd4 4. Nxd4 Nf6 5. Nc3 Bb4 6. Nxc6 bxc6 7. Bd3 d5 8. e5 Ng4 9. Bf4 O-O 10. O-O f6 11. exf6 Qxf6 12. Bg3 Bd6 13. Be2 Ne5 14. Qd2 1-0


[Site "https://www.chess.com"]

[Event "Titled Tuesday Blitz December 06 Late 2022"]
[White "Goncalves, Davi Sulzbacher"]
[Black "Ankerst, Mihael"]
[WhiteFideId "2154510"]
[BlackFideId "14602369"]
[WhiteElo "2182"]
[BlackElo "2386"]
[Result "1/2-1/2"]
[Round "09"]
[TimeControl "180+1"]
[Date "2022.12.07"]
[WhiteClock "0:00:14"]
[BlackClock "0:00:04"]

1. d4 Nf6 2. c4 g6 3. Nc3 Bg7 4. e4 d6 5. f3 O-O 6. Be3 c5 7. d5 e6 8. Bd3 a6 9. Nge2 Nbd7 10. O-O Ne5 11. Nf4 b5 12. dxe6 fxe6 13. cxb5 Nxd3 14. Qxd3 axb5 15. Qxb5 Ba6 16. Qb3 Bxf1 17. Nxe6 Qb8 18. Qxb8 Rfxb8 19. Kxf1 Rxb2 20. Nxg7 Kxg7 21. Bf4 Rc2 22. Nb5 d5 23. Nc7 Ra4 24. Be5 Kf7 25. Bxf6 Kxf6 26. Nxd5+ Ke5 27. Nb6 Raxa2 28. Nd7+ Kd4 29. Rd1+ Ke3 30. Ne5 Rf2+ 31. Kg1 Rxg2+ 32. Kh1 Rxh2+ 33. Kg1 Rag2+ 34. Kf1 Rh1+ 35. Kxg2 Rxd1 36. Ng4+ Kd4 37. e5 Kd5 38. Ne3+ Kxe5 39. Nxd1 Kf4 40. Kf2 g5 41. Nb2 g4 42. Nd3+ Kf5 43. Nxc5 gxf3 44. Nd3 Ke4 45. Ne1 Kf4 46. Nc2 Kg4 47. Ne3+ Kf4 48. Nf1 h6 49. Ng3 Kg4 50. Ne4 Kf4 51. Nc5 Kg4 52. Nd3 h5 53. Nc1 Kf4 54. Nd3+ Kg4 55. Ne1 h4 56. Nd3 h3 57. Ne5+ Kf4 58. Nd3+ Ke4 59. Nc5+ Kf4 60. Nd3+ Ke4 61. Nc5+ Kf4 62. Nd3+ 1/2-1/2


[Site "https://www.chess.com"]

[Event "Titled Tuesday Blitz December 06 Late 2022"]
[White "Graif, William"]
[Black "Rodriguez Santiago, Jaime"]
[WhiteFideId "2609835"]
[BlackFideId "3100898"]
[WhiteElo "2205"]
[BlackElo "2025"]
[Result "0-1"]
[Round "09"]
[TimeControl "180+1"]
[Date "2022.12.07"]
[WhiteClock "0:00:01"]
[BlackClock "0:00:18"]

1. e4 c6 2. d4 d5 3. Nc3 dxe4 4. Bc4 Nf6 5. f3 exf3 6. Nxf3 e6 7. O-O Be7 8. Bd3 Nbd7 9. Kh1 c5 10. Bg5 cxd4 11. Nxd4 h6 12. Bh4 a6 13. Nxe6 fxe6 14. Qh5+ Kf8 15. Ne4 Qe8 16. Qf3 Qf7 17. Rae1 Ne5 18. Qg3 Nxd3 19. Qxd3 h5 20. Ng5 Qe8 21. Nxe6+ Bxe6 22. Rxe6 Rd8 23. Qc3 Qf7 24. Rfe1 Re8 25. Bxf6 gxf6 26. Qe3 Rg8 0-1


[Site "https://www.chess.com"]